AoeStats
← dashuaibi

Arena

510081070Analyzed
4v4 RM · 2d ago on Sep 29, 2026· 34m 30s· 8 players
Game mode
Random Map
Map size
Large (8 player)
Population
200
Speed
Normal
Resources
Standard
Victory
Conquest
Starting age
Dark Age
Ending age
Imperial Age
RankedLock teamsTeams togetherTeam positionsShared explorationLock speedFull tech treeHidden civsTurbo modeCheats
Victory
Defeat
🇮🇹 Vietnamese · Italy
1359
+15
🇪🇸 Vikings · Spain
1333
+16
🇨🇳 Persians · China
1333
+16
🇪🇸 Danes · Spain
1323
+16
🇨🇳 Hindustanis · China
1362
-17
🇹🇼 Britons · Taiwan
1357
-17
🇨🇳 Teutons · China
1339
-16
🇮🇳 Persians · India
1266
-13
Mike_Tango
5:03 Loom
10:51 Feudal Age
15:37 Castle Age
13:59 Double-Bit Axe
14:29 Horse Collar
22:39 Scale Mail Armor
28:32 Forging
29:05 Squires
30:04 Wheelbarrow
29:32 Pikeman
29:58 Arson
32:42 Chain Mail Armor
33:02 Iron Casting
33:37 Gold Mining
Aspirante
8:06 Loom
10:37 Feudal Age
15:37 Castle Age
14:11 Fletching
29:32 Double-Bit Axe
29:52 Horse Collar
Holyseeker
3:16 Loom
11:40 Feudal Age
17:06 Castle Age
14:59 Horse Collar
16:15 Double-Bit Axe
18:25 Scale Barding Armor
25:11 Heavy Plow
25:57 Bow Saw
27:27 Wheelbarrow
27:47 Hand Cart
27:28 Gold Mining
28:53 Bloodlines
28:44 Husbandry
29:03 Town Watch
29:51 Husbandry
29:55 Squires
29:16 Pikeman
33:13 Imperial Age
31:17 Chatras
32:10 Chain Barding Armor
32:01 Forging
34:30 Iron Casting
35:43 Plate Barding Armor
魔兽难民
10:27 Feudal Age
11:35 Loom
14:41 Castle Age
13:03 Horse Collar
16:08 Wheelbarrow
15:47 Heavy Plow
15:40 Double-Bit Axe
16:46 Bow Saw
21:16 Heavy Plow
23:54 Gold Mining
23:54 Stone Mining
29:02 Imperial Age
27:19 Scale Barding Armor
27:25 Forging
27:53 Hand Cart
27:58 Devotion
28:13 Light Cavalry
29:03 Bloodlines
28:54 Husbandry
29:16 Chain Barding Armor
29:32 Iron Casting
29:50 Elite War Elephant
32:53 Conscription
32:43 Town Watch
34:23 Plate Barding Armor
pasonnosap
12:31 Feudal Age
16:28 Castle Age
15:52 Horse Collar
15:59 Double-Bit Axe
16:15 Gold Mining
18:20 Fletching
18:30 Padded Archer Armor
22:44 Loom
dashuaibi
6:15 Loom
9:14 Feudal Age
11:21 Fletching
23:29 Double-Bit Axe
23:26 Horse Collar
26:06 Castle Age
23:59 Stone Mining
24:00 Gold Mining
31:43 Bow Saw
33:36 Gold Mining
苟住
5:13 Loom
10:21 Feudal Age
15:07 Castle Age
13:01 Double-Bit Axe
13:31 Horse Collar
22:53 Town Watch
23:45 Bow Saw
24:55 Wheelbarrow
25:31 Forging
26:09 Scale Barding Armor
26:58 Iron Casting
27:40 Chain Barding Armor
28:01 Gold Mining
28:37 Heavy Plow
29:20 Gold Shaft Mining
29:03 Hand Cart
28:50 Stone Mining
33:04 Imperial Age
30:56 Fletching
31:46 Stone Shaft Mining
31:26 Scale Mail Armor
33:39 Bloodlines
33:29 Bodkin Arrow
34:56 Chemistry
33:24 Heavy Camel Rider
34:40 Plate Barding Armor
35:06 Blast Furnace
34:21 Bracer
The OG PinkMan
10:49 Feudal Age
12:16 Double-Bit Axe
14:56 Castle Age
13:31 Horse Collar
17:49 Loom
23:05 Scale Barding Armor
24:02 Bloodlines
24:58 Forging
25:13 Gold Mining
26:10 Chain Barding Armor
27:45 Bow Saw
27:40 Heavy Plow
29:04 Iron Casting
32:22 Imperial Age
30:28 Wheelbarrow
29:39 Loom
33:20 Plate Barding Armor
32:31 Cavalier
Connection lost

Rejoining the realm…

Still unreachable

The connection could not be restored.

Session expired

The server has moved on; the page needs a fresh start.